 Dungeon Crawl Stone Soup version 0.31-a0-940-gdaa99269f9 (webtiles) character file.

Game seed: 11147414533641019453

2645 retardedninja the Firebug (level 9, -6/54 HPs)
             Began as a Gargoyle Fire Elementalist on Oct 19, 2023.
             Was a Follower of Vehumet.
             Mangled by an orc warrior
             ... wielding a +0 halberd
              (12 damage)
             ... on level 7 of the Dungeon on Oct 20, 2023.
             The game lasted 00:17:17 (10835 turns).

retardedninja the Firebug (GrFE)                   Turns: 10835, Time: 00:17:20

Health: -6/54      AC: 11    Str: 12    XL:     9   Next: 62%
Magic:  17/17      EV: 12    Int: 20    God:    Vehumet [*.....]
Gold:   314        SH:  0    Dex: 13    Spells: 16/19 levels left

rFire   . . .        r - +6 great mace "Guacsaqinu" {vamp, rN+ Dex+3}
rCold   + . .        (shield currently unavailable)
rNeg    + + .        a - +0 robe
rPois   ∞            x - +0 helmet
rElec   +            m - +0 cloak
rCorr   .            s - +0 pair of gloves
SInv    .            (no boots)
Will    .....        (no amulet)
Stlth   +            t - ring of protection from cold
HPRegen 0.29/turn    (no ring)
MPRegen 0.15/turn

%: no passive effects
@: confused, ambrosia-drunk, hasted, very quick
A: sickness immunity, AC +6, negative energy resistance 1, electricity
resistance, torment resistance 1, petrification resistance
a: Renounce Religion


You were on level 7 of the Dungeon.
You worshipped Vehumet.
Vehumet was aware of your devotion.
You visited 2 branches of the dungeon, and saw 8 of its levels.

You collected 314 gold pieces.

Inventory:

Hand Weapons
 r - the +6 great mace "Guacsaqinu" (weapon) {vamp, rN+ Dex+3}
   (You found it on level 3 of the Dungeon)

   Dex+3:     It affects your dexterity (+3).
   rN+:       It protects you from negative energy.
Missiles
 C - 2 throwing nets
Armour
 a - a +0 robe (worn)
 m - a +0 cloak (worn)
 s - a +0 pair of gloves (worn)
 x - a +0 helmet (worn)
Jewellery
 t - a ring of protection from cold (left hand)
Scrolls
 c - 2 scrolls of blinking
 d - a scroll of revelation
 g - a scroll of amnesia {unknown}
 h - a scroll of noise {unknown}
 o - a scroll of vulnerability {unknown}
 u - a scroll of enchant weapon
 w - 2 scrolls of enchant armour {unknown}
 y - a scroll of acquirement {unknown}
 D - 2 scrolls of teleportation
 E - a scroll of immolation {unknown}
Potions
 b - a potion of magic
 e - a potion of curing {unknown}
 f - 2 potions of brilliance {unknown}
 i - 3 potions of haste
 j - a potion of ambrosia
 k - 3 potions of degeneration {unknown}
 l - 2 potions of heal wounds {unknown}
 n - a potion of lignification {unknown}
 p - a potion of might {unknown}
 q - 3 potions of berserk rage {unknown}
 z - 2 potions of resistance {unknown}
 A - a potion of mutation {unknown}
 B - 2 potions of enlightenment {unknown}


   Skills:
 + Level 5.2 Fighting
 - Level 2.8 Dodging
 - Level 3.9 Stealth
 + Level 5.5 Spellcasting
 + Level 6.2 Conjurations
 + Level 6.5 Fire Magic
 + Level 3.8 Air Magic


You had 16 spell levels left.
You knew the following spells:

 Your Spells              Type           Power      Damage    Failure   Level
a - Foxfire               Conj/Fire      100%       2x1d9     1%          1
b - Scorch                Fire           62%        2d7       1%          2

Your spell library contained the following spells:

 Spells                   Type           Power      Damage    Failure   Level
 Freeze                   Ice            20%        1d4       11%         1
 Shock                    Conj/Air       100%       1d9       1%          1
 Swiftness                Air            21%        N/A       7%          3
 Flame Wave               Conj/Fire      31%        2d9       8%          4
 Inner Flame              Hex/Fire       18%        N/A       9%          3
 Volatile Blastmotes      Fire/Tloc      36%        2d13      9%          3
 Wereblood                Tmut           5%         N/A       17%         2
 Airstrike                Air            10%        2d(2-18)  22%         4
 Summon Hydra             Summ           2%         N/A       100%        7
 Sublimation of Blood     Necr           Unusable   N/A       N/A         2

Dungeon Overview and Level Annotations

Branches:
Dungeon (7/15)             Temple (1/1) D:4

Altars:
Cheibriados
Dithmenos
Fedhas
Gozag
Hepliaklqana
Kikubaaqudgha
Makhleb
Okawaru
Qazlal
Ru
Sif Muna
Vehumet
Xom
Yredelemnul
Zin
The Shining One

Shops:
D:1 ?   D:5 =   D:6 :

Annotations:
D:7 Dowan, Duvessa


Innate Abilities, Weirdness & Mutations

You are immune to sickness and miasma.
Your stone body is resilient. (AC +6)
You are immune to poison.
You resist negative energy. (rN+)
You are resistant to electric shocks. (rElec)
You are resistant to unholy torment.
You are immune to petrification.


Message History

The orc warrior hits you but does no damage.
You barely miss the orc wizard.
The orc wizard is severely wounded.
The orc wizard hits you but does no damage.
The orc warrior barely misses you.
The orc warrior is no longer more vulnerable to fire.
The orc wizard casts a spell at you.
You are more confused.
The orc warrior hits you from afar with a +0 halberd.
You feel yourself speed up.
The orc wizard mumbles some strange words.
The orc wizard flickers and vanishes!
Deactivating autopickup; reactivate with Ctrl-A.
The orc warrior hits you from afar with a +0 halberd!!
* * * LOW HITPOINT WARNING * * *
You bump into the rock wall.
You hear some strange, mumbled words.
You are more confused.
The orc warrior closely misses you.
Unknown command.
You are more confused.
You feel invigorated.
The orc warrior hits you from afar with a +0 halberd!
* * * LOW HITPOINT WARNING * * *
A sky beast comes into view.
You're too confused to move!
Your magical contamination has completely faded away.
You bump into the rock wall.
Something hits you but does no damage.
The orc warrior hits you from afar with a +0 halberd.
* * * LOW HITPOINT WARNING * * *
You're too confused to move!
Something hits you but does no damage.
The orc warrior hits you from afar with a +0 halberd.
* * * LOW HITPOINT WARNING * * *
You barely miss something.
You hear some strange, mumbled words.
A magic dart appears from out of thin air!
The magic dart hits you.
* * * LOW HITPOINT WARNING * * *
The orc warrior hits you from afar with a +0 halberd!
You die...

.###.....###o
.##..##.......
..........#....
###...#.###.#.. #.#.#.##
... ##......## #.## #
##...≈~~..# #..# ...
...#.≈.≈..###eo####.....
(..#.≈~≈.....ce{@.......
.#.........##.#####.....
###..##................#
...................... #
#######..####.###..##.
#.....# #..# ##
#..###.###.## ....
##.##..# ... ###..#..##


You could see Duvessa, an orc warrior, Dowan and a centaur.

Vanquished Creatures
  Pikel (D:4)
  Grinder (D:3)
  Sigmund (D:5)
  A water moccasin (D:5)
  A sky beast (D:5)
  An ice beast (D:6)
  4 ogres
  A centaur (D:5)
  2 phantoms
  3 lemures
  A kobold brigand (D:6)
  A bullfrog (D:7)
  A scorpion (D:7)
  A gnoll sergeant (D:4)
  A wight (D:5)
  4 jellies
  3 orc priests
  A hound (D:5)
  A sleepcap (D:5)
  Natasha (twice) (D:2)
  2 iguanas
  4 orc wizards
  3 gnolls (D:4)
  3 adders
  A shadow imp (D:6)
  A white imp (D:7)
  3 worms
  4 dart slugs
  23 orcs
  9 ball pythons
  9 endoplasms
  A giant cockroach (D:3)
  9 goblins
  10 hobgoblins
  8 jackals
  8 quokkas
  5 bats
  4 frilled lizards
  17 kobolds
  9 rats
165 creatures vanquished.

Vanquished Creatures (others)
  An angel (D:5)
  606 foxfires
607 creatures vanquished.

Grand Total: 772 creatures vanquished

Notes
Turn   | Place    | Note
-------+----------+-------------------------------------------
     0 | D:1      | retardedninja the Gargoyle Fire Elementalist began the
                  | quest for the Orb.
     0 | D:1      | Reached XP level 1. HP: 10/10 MP: 3/3
   297 | D:1      | Reached XP level 2. HP: 15/15 MP: 1/5
   817 | D:1      | Reached XP level 3. HP: 8/19 MP: 0/6
   903 | D:1      | Found Lutwitic's Magic Scroll Shoppe.
  1988 | D:2      | Reached XP level 4. HP: 24/24 MP: 0/7
  2370 | D:2      | Noticed Natasha
  2384 | D:2      | Killed Natasha
  2544 | D:2      | Learned a level 2 spell: Scorch
  3020 | D:2      | Noticed Natasha
  3024 | D:2      | Killed Natasha
  3025 | D:2      | Reached XP level 5. HP: 28/28 MP: 5/9
  3371 | D:3      | Noticed Grinder
  3400 | D:3      | HP: 1/28 [Grinder (1)]
  3401 | D:3      | Killed Grinder
  3402 | D:3      | Reached XP level 6. HP: 1/32 MP: 0/10
  3810 | D:3      | Identified the +6 great mace "Guacsaqinu" {vamp, rN+ Dex+3}
  5162 | D:3      | Upgraded the game from 0.31-a0-931-g7b59d4eb97 to
                  | 0.31-a0-940-gdaa99269f9
  5214 | D:3      | Reached skill level 1 in Fighting
  5214 | D:3      | Reached XP level 7. HP: 24/38 MP: 6/12
  5273 | D:4      | Reached skill level 1 in Air Magic
  6247 | D:4      | Noticed Pikel
  6676 | D:4      | Killed Pikel
  6677 | D:4      | Reached skill level 5 in Fire Magic
  6677 | D:4      | Reached XP level 8. HP: 39/45 MP: 0/14
  6850 | D:4      | Found a staircase to the Ecumenical Temple.
  6876 | Temple   | Entered the Ecumenical Temple
  6897 | Temple   | Became a worshipper of Vehumet
  7714 | D:4      | Found a faded altar of an unknown god.
  7723 | D:4      | Found a hazy altar of Hepliaklqana.
  7922 | D:5      | Entered Level 5 of the Dungeon
  7925 | D:5      | Found a burning altar of Makhleb.
  7931 | D:5      | Noticed Sigmund
  7937 | D:5      | Reached skill level 5 in Conjurations
  7940 | D:5      | Killed Sigmund
  8141 | D:5      | Reached XP level 9. HP: 52/52 MP: 10/16
  8257 | D:5      | Found Viefoosorgh's Jewellery Boutique.
  8363 | D:5      | Reached * piety under Vehumet
  8363 | D:5      | Offered knowledge of Freeze by Vehumet.
  8409 | D:5      | Found a glowing silver altar of Zin.
  8415 | D:5      | Noticed an angel
  8417 | D:5      | Found a shimmering altar of Xom.
  8648 | D:5      | Reached skill level 5 in Spellcasting
  8932 | D:5      | Killed an angel
  9871 | D:6      | Found a shadowy altar of Dithmenos.
 10066 | D:6      | Reached skill level 5 in Fighting
 10535 | D:6      | Found Ronwaumeo's Tremendous Tomes.
 10739 | D:7      | Found Imom Dui's Distillery.
 10818 | D:7      | Noticed Dowan
 10823 | D:7      | Noticed Duvessa
 10835 | D:7      | Mangled by an orc warrior

Illustrated notes

Levels and vault maps discovered:
D:1:      grunt_arrival_lava_bath, layout_basic, serial_shops,
          nicolae_lakefront_shop
D:2:      layout_rooms, uniq_natasha
D:3:      minmay_chambers_of_threes, layout_basic, wad_orctagon, uniq_grinder
D:4:      layout_rooms, beargit_hepliaklqana_dungeon_heroes,
          minmay_temple_entry_arrows, uniq_pikel
D:5:      layout_loops_cross, grunt_temple_overflow_order_and_chaos_1,
          amcnicky_altar_gilded, serial_shops, shop, minmay_small_thing,
          uniq_sigmund
D:6:      layout_loops_ring, grunt_dithmenos_shadows,
          nicolae_shop_i_like_big_books, minivault_4, chequers_arboretum,
          minmay_fractal_squares_5
D:7:      layout_rooms, marbit_many_paths, mainiacjoe_overflow_surrounded_room,
          serial_shops, shop, nicolae_shop_industrial_runoff, shop,
          chequers_serial_rivers_micro_b, grunt_ministairs_13, uniq_duvessa
Temple:   bh_familiar_temple

Skill      XL: |  1  2  3  4  5  6  7  8  9 |
---------------+----------------------------+-----
Dodging        | 2 |  2.8
Conjurations   | 2 3 4 5 6 |  6.2
Stealth        | 3 |  3.9
Spellcasting   | 3 4 5 |  5.5
Fire Magic     | 4 5 6 |  6.5
Fighting       | 1 2 4 5 |  5.2
Air Magic      | 2 3 |  3.8

Action                     |  1- 3 |  4- 6 |  7- 9 || total
---------------------------+-------+-------+-------++-------
  Melee: Unarmed           |    12 |     7 |       ||    19
         Great mace        |       |     4 |     8 ||    12
   Cast: Foxfire           |   101 |   150 |   133 ||   384
         Scorch            |       |    18 |    81 ||    99
    Use: Scroll            |       |       |     7 ||     7
         Potion            |       |       |     2 ||     2
 Armour: Robe              |    31 |    28 |    65 ||   124
  Dodge: Dodged            |    22 |    37 |    59 ||   118

Table legend: (Time is in decaauts)
 A = Elapsed time spent in this place.
 B = Non-inter-level travel time spent in this place.
 C = Inter-level travel time spent in this place.
 D = Time resting spent in this place.
 E = Time spent auto-exploring this place.
 F = Levels seen in this place.
 G = Mean time per level.
                   A        B        C        D        E       F      G
               +--------+--------+--------+--------+--------+-----+--------+
         Total |  10862 |  10618 |    244 |   2816 |   6306 |   8 | 1357.8 |
       Dungeon |  10428 |  10184 |    244 |   2439 |   6306 |   7 | 1489.7 |
        Temple |    433 |    433 |      0 |    377 |      0 |   1 |  433.0 |
               +--------+--------+--------+--------+--------+-----+--------+

Top non-repeatable levels by time:
     D:3: 3055 daAuts
     D:1: 1734 daAuts
     D:6: 1436 daAuts
     D:2: 1400 daAuts
     D:5: 1377 daAuts
     D:4: 1321 daAuts
  Temple: 433 daAuts
     D:7: 101 daAuts
